 Dungeon Crawl Stone Soup version 0.30-a0-672-gc3a7216ad8 (webtiles) character file.

Game seed: 8605387963774024368

2869 vineage the Fighter (level 9, -11/60 HPs)
             Began as a Gargoyle Fighter on Jan 17, 2023.
             Killed from afar by a deep elf pyromancer (18 damage)
             ... with a bolt of fire
             ... in a bailey on Jan 18, 2023.
             The game lasted 00:08:31 (5056 turns).

vineage the Fighter (Gargoyle Fighter)              Turns: 5056, Time: 00:08:32

Health: -11/60     AC: 21    Str: 19    XL:     9   Next: 76%
Magic:  18/18      EV:  5    Int: 10    God:
Gold:   324        SH:  5    Dex: 11    Spells: 8/8 levels left

rFire   . . .      SeeInvis .    d - +1 mace (flame)
rCold   . . .      Faith    .    c - +0 buckler
rNeg    + + .      Spirit   .    g - +0 plate armour
rPois   ∞          Reflect  .    (helmet restricted)
rElec   +          Harm     .    q - scarf {repulsion}
rCorr   .          Rampage  .    (no gloves)
Will    .....                    r - +1 pair of boots of Shrieking Birdsong {Regen+ MP+9} Stlth
                                 (no amulet)
HPRegen 1.10/turn                s - ring of positive energy
MPRegen 0.16/turn                (no ring)

@: repel missiles
A: sickness immunity, AC +6, negative energy resistance 1, electricity
resistance, torment resistance 1, petrification resistance, antennae 1, weak 1
a: no special abilities


You were in a bailey.
You visited 2 branches of the dungeon, and saw 8 of its levels.
You also visited: Bailey.

You collected 324 gold pieces.

Inventory:

Hand Weapons
 a - a +1 flail
 d - a +1 mace of flaming (weapon)
Missiles
 e - 6 throwing nets (quivered)
Armour
 c - a +0 buckler (worn)
 g - a +0 plate armour (worn)
 h - a +1 helmet
 q - a scarf of repulsion (worn)
 r - the +1 pair of boots of Shrieking Birdsong (worn) {Regen+ MP+9}
   (You acquired it on level 3 of the Dungeon)

   MP:        It affects your magic capacity (+9).
   Regen:     It increases your rate of health regeneration.
Jewellery
 s - a ring of positive energy (left hand)
Scrolls
 l - 2 scrolls of fog
 m - a scroll of enchant armour
 n - 2 scrolls of teleportation
Potions
 i - a potion of haste {unknown}
 j - 3 potions of curing
 k - 3 potions of heal wounds
 o - a potion of ambrosia
 p - a potion of lignification
 u - a potion of flight {unknown}


   Skills:
 * Level 9.1 Fighting
 * Level 7.9 Maces & Flails
 + Level 6.7 Armour
 + Level 6.6 Shields


You had 8 spell levels left.
You didn't know any spells.
Your spell library contained the following spells:

 Spells                   Type           Power      Damage    Failure   Level
 Magic Dart               Conj           0%         1d3       100%        1
 Shock                    Conj/Air       0%         1d3       100%        1
 Call Imp                 Summ           0%         N/A       100%        2
 Mephitic Cloud           Conj/Pois/Air  0%         N/A       100%        3
 Swiftness                Air            0%         N/A       100%        3
 Airstrike                Air            0%         2d(0-16)  100%        4


Dungeon Overview and Level Annotations

Branches:
Dungeon (7/15)             Temple (1/1) D:6          Bailey (1/1)

Altars:
Ashenzari
Cheibriados
Dithmenos
Elyvilon
Fedhas
Gozag
Hepliaklqana
Kikubaaqudgha
Makhleb
Nemelex Xobeh
Qazlal
Ru
Sif Muna
Trog
Uskayaw
Vehumet
Wu Jian
Xom
Zin
The Shining One

Shops:
D:2 [


Innate Abilities, Weirdness & Mutations

You are immune to sickness and miasma.
Your stone body is resilient. (AC +6)
You are immune to poison.
You resist negative energy. (rN+)
You are resistant to electric shocks. (rElec)
You are resistant to unholy torment.
You are immune to petrification.
You have a pair of small antennae on your head.
You are weak. (Str -2)


Message History

The orc hits you but does no damage. The orc hits you with a +0 spear.
You hit the orc. You burn the orc.
The orc is heavily wounded.
The orc hits you with a +0 spear.
You sock the orc! You burn the orc.
You kill the orc!
No reachable target in view!
No reachable target in view!
No reachable target in view!
No reachable target in view!
No reachable target in view!
No reachable target in view!
No reachable target in view!
No reachable target in view!
No reachable target in view!
Things that are here:
a +0 halberd; a +0 chain mail You open the large door.
You sock the deep elf pyromancer! You burn the deep elf pyromancer.
The deep elf pyromancer is moderately wounded.
The deep elf pyromancer hits you but does no damage.
You barely miss the deep elf pyromancer.
The deep elf pyromancer is moderately wounded.
The deep elf pyromancer hits you but does no damage.
You closely miss the deep elf pyromancer.
The deep elf pyromancer is moderately wounded.
The deep elf pyromancer gestures at you while chanting.
The bolt of fire hits you!!
Ouch! That really hurt!
You hit the deep elf pyromancer. You burn the deep elf pyromancer.
The deep elf pyromancer is heavily wounded.
The deep elf pyromancer gestures at you while chanting.
The bolt of fire hits you!!
* * * LOW HITPOINT WARNING * * *
You barely miss the deep elf pyromancer.
The deep elf pyromancer is heavily wounded.
The deep elf pyromancer casts a spell at you.
The bolt of fire hits you!!
You die...

♣..≈≈≈ #### ##.o≈≈
$.#### ####. #..≈≈
..... .......#...≈
#... .......##...≈
#..# ######..#....≈
#)8##...$##8.#...##
#..#....!?#..#.....
#.@e..##)[#..'.....
#..'..##?!#..'.....
#..#....)[#..#...[.
#.8##...$##8.#...##
#..########..#....≈
##...........[##.♣.≈
#..))..........#...≈
#$.##########.$#..♣≈
#### ####..♣≈


You could see a deep elf pyromancer.

Vanquished Creatures
  Grinder (D:6)
  A water moccasin (D:5)
  An ice beast (D:5)
  2 black bears (D:6)
  5 orc warriors
  3 ogres
  A centaur (D:6)
  A phantom (D:4)
  A bullfrog (D:7)
  A gnoll sergeant (D:5)
  3 scorpions
  4 howler monkeys
  A jelly (D:5)
  4 hounds
  2 orc priests (D:6)
  2 gnoll boudas
  3 iguanas (D:6)
  5 orc wizards
  25 gnolls
  7 adders
  2 white imps
  An ufetubus (D:5)
  2 worms (D:2)
  3 dart slugs
  34 orcs
  4 endoplasms
  4 giant cockroaches
  6 goblins
  10 hobgoblins
  14 jackals
  5 quokkas
  5 ball pythons
  7 bats
  7 frilled lizards
  8 kobolds
  2 rats
187 creatures vanquished.

Vanquished Creatures (others)
  2 plants (D:5)
2 creatures vanquished.

Grand Total: 189 creatures vanquished

Notes
Turn   | Place    | Note
-------+----------+-------------------------------------------
     0 | D:1      | vineage the Gargoyle Fighter began the quest for the Orb.
     0 | D:1      | Reached XP level 1. HP: 14/14 MP: 1/1
   113 | D:1      | Reached XP level 2. HP: 18/19 MP: 2/2
   638 | D:1      | Reached XP level 3. HP: 24/24 MP: 3/3
   911 | D:2      | Reached skill level 4 in Fighting
  1039 | D:2      | Found Hofuttecsu's Antique Armour Emporium.
  1045 | D:2      | Reached XP level 4. HP: 29/29 MP: 4/4
  1855 | D:3      | Found a faded altar of an unknown god.
  1860 | D:3      | Found a radiant altar of Vehumet.
  2019 | D:3      | Found a white marble altar of Elyvilon.
  2026 | D:3      | Reached XP level 5. HP: 34/34 MP: 5/5
  2063 | D:3      | Identified a scroll of acquirement
  2063 | D:3      | Acquired the +1 pair of boots of Shrieking Birdsong {Regen+
                  | MP+9}
  2075 | D:3      | Gained mutation: You are agile. (Dex +4, Str/Int -1)
                  | [potion of mutation]
  2075 | D:3      | Gained mutation: Your body sometimes deteriorates upon
                  | taking damage. [potion of mutation]
  2076 | D:3      | Lost mutation: Your body sometimes deteriorates upon taking
                  | damage. [potion of mutation]
  2076 | D:3      | Lost mutation: You are agile. (Dex +4, Str/Int -1) [potion
                  | of mutation]
  2076 | D:3      | Gained mutation: You have a pair of small antennae on your
                  | head. [potion of mutation]
  2076 | D:3      | Gained mutation: You are weak. (Str -2) [potion of
                  | mutation]
  2219 | D:3      | Found a broken altar of Ashenzari.
  2364 | D:4      | Found a shimmering altar of Xom.
  2456 | D:4      | Noticed a phantom
  2468 | D:4      | Killed a phantom
  2469 | D:4      | Reached XP level 6. HP: 35/40 MP: 6/6
  2605 | D:4      | Reached skill level 5 in Fighting
  2614 | D:4      | You fall into a shaft and drop 2 floors!
  2623 | D:5      | Entered Level 5 of the Dungeon
  2658 | D:5      | Reached XP level 7. HP: 37/44 MP: 7/7
  2720 | D:5      | Found a snail-covered altar of Cheibriados.
  2881 | D:5      | Reached skill level 6 in Fighting
  2881 | D:5      | Reached skill level 5 in Maces & Flails
  2991 | D:5      | HP: 2/46 [ogre/+0 giant club (4)]
  2993 | D:5      | Reached skill level 5 in Armour
  2993 | D:5      | Reached skill level 5 in Shields
  2996 | D:5      | Reached XP level 8. HP: 8/52 MP: 8/8
  3484 | D:5      | Reached skill level 7 in Fighting
  4164 | D:6      | Reached XP level 9. HP: 57/59 MP: 9/9
  4272 | D:6      | Reached skill level 8 in Fighting
  4395 | D:6      | Noticed Grinder
  4402 | D:6      | Paralysed by Grinder for 4 turns
  4429 | D:6      | Killed Grinder
  4444 | D:6      | Identified the +6 short sword of Ifiaxzoch {protect, Will+
                  | Int+3}
  4487 | D:6      | Found a staircase to the Ecumenical Temple.
  4508 | Temple   | Entered the Ecumenical Temple
  4846 | D:7      | Found a flagged portal.
  4861 | Bailey   | Entered a bailey
  4909 | Bailey   | Noticed an orc knight
  4939 | Bailey   | Upgraded the game from 0.30-a0-652-gcc886f7154 to
                  | 0.30-a0-672-gc3a7216ad8
  4979 | Bailey   | Reached skill level 9 in Fighting
  5011 | Bailey   | Found a large runed translucent door.
  5011 | Bailey   | Found a large runed translucent door.
  5012 | Bailey   | Noticed a deep elf pyromancer
  5056 | Bailey   | Killed from afar by a deep elf pyromancer

Illustrated notes

Levels and vault maps discovered:
D:1:      dreamdust_arrival_sigmund_warning, layout_loops_cross
D:2:      layout_loops_corners, serial_shops, nicolae_square_shop,
          minmay_pentomino_x2
D:3:      layout_rooms, nicolae_overflow_ecumenical_swirl,
          mainiacjoe_overflow_brackets, elyvilon_altar_3
D:4:      layout_basic, lemuel_doored_altar, minmay_statues_item
D:5:      lemuel_castle_with_subvaults [lemuel_castle_interior_carwin_2],
          layout_basic, old_standard_altar
D:6:      layout_loops_ring, minmay_temple_entry_statues_pillars, uniq_grinder
D:7:      layout_loops_ring, mainiacjoe_overflow_24_doors, enter_bailey_2
Temple:   minmay_freezing_vapour_temple
Bailey:   bailey_polearm_elven_captive_hellmonk, bailey

Skill      XL: |  1  2  3  4  5  6  7  8  9 |
---------------+----------------------------+-----
Fighting       | 4 5 6 7 9 |  9.1
Maces & Flails | 3 4 5 6 7 |  7.9
Armour         | 4 5 6 |  6.7
Shields        | 4 5 6 |  6.6

Action                   |  1- 3 |  4- 6 |  7- 9 || total
-------------------------+-------+-------+-------++-------
Melee: Flail             |   103 |   184 |   180 ||   467
       Mace              |       |       |   272 ||   272
  Use: Scroll            |       |     7 |    10 ||    17
       Potion            |       |     3 |     3 ||     6
Armor: Scale mail        |    13 |       |       ||    13
       Plate armour      |    54 |   168 |   556 ||   778
Dodge: Dodged            |    28 |    70 |   172 ||   270
       Repelled          |       |       |     2 ||     2
Block: Buckler           |    21 |    50 |   175 ||   246

Table legend: (Time is in decaauts)
 A = Elapsed time spent in this place.
 B = Non-inter-level travel time spent in this place.
 C = Inter-level travel time spent in this place.
 D = Time resting spent in this place.
 E = Time spent auto-exploring this place.
 F = Levels seen in this place.
 G = Mean time per level.
                   A        B        C        D        E       F      G
               +--------+--------+--------+--------+--------+-----+--------+
         Total |   5307 |   5011 |    296 |     12 |   3374 |   9 |  589.7 |
       Dungeon |   5107 |   4811 |    296 |      0 |   3343 |   7 |  729.6 |
        Temple |      1 |      1 |      0 |      0 |      0 |   1 |    1.0 |
        Bailey |    197 |    197 |      0 |     12 |     31 |   1 |  197.0 |
               +--------+--------+--------+--------+--------+-----+--------+

Top non-repeatable levels by time:
     D:5: 1495 daAuts
     D:2: 1065 daAuts
     D:6: 875 daAuts
     D:1: 748 daAuts
     D:3: 622 daAuts
     D:4: 261 daAuts
  Bailey: 197 daAuts
     D:7: 39 daAuts
  Temple: 1 daAuts
